TOP OF THE 1ST |
Kalamazoo Royale with Cheese batting - Pitching for Toronto Titans : RHP Daniel Grant
|
Pitching: RHP Daniel Grant
|
|
Batting: RHB Fernando Martínez
|
0-0: Ball 1-0: Ball 2-0: Ground out 4-3 (Groundball, 4)
|
Batting: LHB Robinson Fernández
|
0-0: Foul Ball, location: 2F 0-1: Foul Ball, location: 2F 0-2: Foul Ball, location: 2F 0-2: Ball 1-2: Ball 2-2: Foul Ball, location: 2F 2-2: Ball 3-2: Ground out 6-3 (Groundball, 56D)
|
Batting: LHB William Ruffo
|
0-0: Called Strike 0-1: Ground out U3 (Groundball, 3)
|
Top of the 1st over - 0 run(s), 0 hit(s), 0 error(s), 0 left on base; Kalamazoo 0 - Toronto 0 |
BOTTOM OF THE 1ST |
Toronto Titans batting - Pitching for Kalamazoo Royale with Cheese : LHP Octávio Ramírez
|
Pitching: LHP Octávio Ramírez
|
|
Batting: SHB Ramón Lugo
|
0-0: Called Strike 0-1: Ball 1-1: Fly out, F9 (Flyball, 89M)
|
Batting: LHB Lewis Barr
|
0-0: Swinging Strike 0-1: Ball 1-1: Foul Ball, location: 2F 1-2: Ground out 4-3 (Groundball, 4)
|
Batting: LHB José Rodríguez
|
0-0: Swinging Strike 0-1: Foul Ball, location: 2F 0-2: Ball 1-2: Foul Ball, location: 2F 1-2: Ball 2-2: Strikes out swinging
|
Bottom of the 1st over - 0 run(s), 0 hit(s), 0 error(s), 0 left on base; Kalamazoo 0 - Toronto 0 |
TOP OF THE 2ND |
Kalamazoo Royale with Cheese batting - Pitching for Toronto Titans : RHP Daniel Grant
|
Batting: LHB Seung-woo Yi
|
0-0: Ball 1-0: Ball 2-0: Called Strike 2-1: Foul Ball, location: 2F 2-2: SINGLE (Line Drive, 4M)
|
Batting: RHB Miguel Encarnación
|
0-0: Ball 1-0: Ball 2-0: Called Strike 2-1: Ball 3-1: Base on Balls Seung-woo Yi to second
|
Batting: LHB Bill McJannett
|
0-0: Ball 1-0: Foul Ball, location: 2F 1-1: Ball 2-1: Swinging Strike 2-2: Ball 3-2: Grounds into double play, 6-4-3 (Groundball, 6M) Seung-woo Yi to third
|
Batting: LHB Juan Sánchez
|
0-0: Swinging Strike 0-1: Ball 1-1: Ball 2-1: DOUBLE (Line Drive, 9LM) Seung-woo Yi scores
|
Batting: RHB Jorge Márquez
|
0-0: Foul Ball, location: 2F 0-1: Ball 1-1: Ball 2-1: Ball 3-1: Foul Ball, location: 2F 3-2: Foul Ball, location: 2F 3-2: Ground out 4-3 (Groundball, 4M)
|
Top of the 2nd over - 1 run(s), 2 hit(s), 0 error(s), 1 left on base; Kalamazoo 1 - Toronto 0 |
BOTTOM OF THE 2ND |
Toronto Titans batting - Pitching for Kalamazoo Royale with Cheese : LHP Octávio Ramírez
|
Batting: LHB Roberto García
|
0-0: Ground out 6-3 (Groundball, 6)
|
Batting: SHB Álex Rosado
|
0-0: Ball 1-0: SINGLE (Flyball, 7LS)
|
Batting: RHB Jim Tracy
|
0-0: Ball 1-0: Ball 2-0: Ground out 5-3 (Groundball, 56S) Álex Rosado to second
|
Batting: RHB Pedro Rosado
|
0-0: Called Strike 0-1: Ball 1-1: Ball 2-1: Ground out 6-3 (Groundball, 6)
|
Bottom of the 2nd over - 0 run(s), 1 hit(s), 0 error(s), 1 left on base; Kalamazoo 1 - Toronto 0 |
TOP OF THE 3RD |
Kalamazoo Royale with Cheese batting - Pitching for Toronto Titans : RHP Daniel Grant
|
Batting: RHB Andy Aiton
|
0-0: Ground out 4-3 (Groundball, 4M)
|
Batting: RHB Fernando Martínez
|
0-0: Ball 1-0: Ball 2-0: Called Strike 2-1: Ball 3-1: Ground out 6-3 (Groundball, 6M)
|
Batting: LHB Robinson Fernández
|
0-0: Ball 1-0: Ground out 5-3 (Groundball, 5S)
|
Top of the 3rd over - 0 run(s), 0 hit(s), 0 error(s), 0 left on base; Kalamazoo 1 - Toronto 0 |
BOTTOM OF THE 3RD |
Toronto Titans batting - Pitching for Kalamazoo Royale with Cheese : LHP Octávio Ramírez
|
Batting: LHB Matt Smith
|
0-0: Ball 1-0: Ball 2-0: Swinging Strike 2-1: SINGLE (Line Drive, 6M)
|
Batting: RHB Cordell Gibson
|
0-0: Called Strike 0-1: DOUBLE (Groundball, 3L) Matt Smith to third
|
Batting: SHB Ramón Lugo
|
0-0: Ball 1-0: Ball 2-0: Foul Ball, location: 2F 2-1: Ball 3-1: Called Strike 3-2: Ground out 5-3 (Groundball, 56) Matt Smith scores
|
Batting: LHB Lewis Barr
|
0-0: Ball 1-0: DOUBLE (Flyball, 78M) Cordell Gibson scores
|
Batting: LHB José Rodríguez
|
0-0: Ball 1-0: Ball 2-0: SINGLE (Line Drive, 34D) Lewis Barr to third Runner from 3rd tries for Home, SAFE, throw made home
|
Batting: LHB Roberto García
|
0-0: Ball 1-0: Foul Ball, location: 2F 1-1: Ball 2-1: Grounds into double play, 6-4-3 (Groundball, 6)
|
Bottom of the 3rd over - 3 run(s), 4 hit(s), 0 error(s), 0 left on base; Kalamazoo 1 - Toronto 3 |
TOP OF THE 4TH |
Kalamazoo Royale with Cheese batting - Pitching for Toronto Titans : RHP Daniel Grant
|
Batting: LHB William Ruffo
|
0-0: Ball 1-0: Ground out U3 (Groundball, 3S)
|
Batting: LHB Seung-woo Yi
|
0-0: Fly out, F7 (Line Drive, 78M)
|
Batting: RHB Miguel Encarnación
|
0-0: Called Strike 0-1: Ground out 5-3 (Groundball, 56S)
|
Top of the 4th over - 0 run(s), 0 hit(s), 0 error(s), 0 left on base; Kalamazoo 1 - Toronto 3 |
BOTTOM OF THE 4TH |
Toronto Titans batting - Pitching for Kalamazoo Royale with Cheese : LHP Octávio Ramírez
|
Batting: SHB Álex Rosado
|
0-0: Swinging Strike 0-1: Ball 1-1: Ball 2-1: Foul Ball, location: 2F 2-2: Ball 3-2: SINGLE (Groundball, 6M)
|
Batting: RHB Jim Tracy
|
0-0: Foul Ball, location: 2F 0-1: Ball 1-1: SINGLE (Line Drive, 89S) Álex Rosado to second
|
Batting: RHB Pedro Rosado
|
0-0: Called Strike 0-1: Swinging Strike 0-2: Ball 1-2: Ball 2-2: Ball 3-2: Foul Ball, location: 2F 3-2: Foul Ball, location: 2F 3-2: Strikes out swinging
|
Batting: LHB Matt Smith
|
0-0: Called Strike 0-1: Ball 1-1: Fly out, F7 (Flyball, 7S)
|
Batting: RHB Cordell Gibson
|
0-0: Ball 1-0: Fly out, F9 (Flyball, 9LM)
|
Bottom of the 4th over - 0 run(s), 2 hit(s), 0 error(s), 2 left on base; Kalamazoo 1 - Toronto 3 |
TOP OF THE 5TH |
Kalamazoo Royale with Cheese batting - Pitching for Toronto Titans : RHP Daniel Grant
|
Batting: LHB Bill McJannett
|
0-0: Ball 1-0: Ball 2-0: Ball 3-0: Fly out, F7 (Flyball, 7S)
|
Batting: LHB Juan Sánchez
|
0-0: Ball 1-0: Called Strike 1-1: Ball 2-1: Swinging Strike 2-2: Ball 3-2: Foul Ball, location: 2F 3-2: SINGLE (Groundball, 6MD)
|
Batting: RHB Jorge Márquez
|
0-0: Ball 1-0: Grounds into double play, 6-4-3 (Groundball, 6)
|
Top of the 5th over - 0 run(s), 1 hit(s), 0 error(s), 0 left on base; Kalamazoo 1 - Toronto 3 |
BOTTOM OF THE 5TH |
Toronto Titans batting - Pitching for Kalamazoo Royale with Cheese : LHP Octávio Ramírez
|
Batting: SHB Ramón Lugo
|
0-0: Called Strike 0-1: SINGLE (Line Drive, 7S)
|
Batting: LHB Lewis Barr
|
0-0: Called Strike 0-1: Ball 1-1: Ball 2-1: SINGLE (Groundball, 4M) Ramón Lugo to second
|
Batting: LHB José Rodríguez
|
0-0: Ball 1-0: Foul Ball, location: 2F 1-1: Fly out, F7 (Flyball, 7LM)
|
Batting: LHB Roberto García
|
0-0: Swinging Strike 0-1: Foul Ball, location: 2F 0-2: Ball 1-2: Ball 2-2: Fly out, F6 (Popup, 6MD)
|
Batting: SHB Álex Rosado
|
0-0: Ball 1-0: Ball 2-0: Ball 3-0: Called Strike 3-1: Ground out 1-3 (Groundball, 13S)
|
Bottom of the 5th over - 0 run(s), 2 hit(s), 0 error(s), 2 left on base; Kalamazoo 1 - Toronto 3 |
TOP OF THE 6TH |
Kalamazoo Royale with Cheese batting - Pitching for Toronto Titans : RHP Daniel Grant
|
Batting: RHB Andy Aiton
|
0-0: Ball 1-0: Fly out, F9 (Flyball, 9S)
|
Batting: RHB Fernando Martínez
|
0-0: Ball 1-0: Called Strike 1-1: Swinging Strike 1-2: Foul Ball, location: 2F 1-2: Ball 2-2: Ground out 1-3 (Groundball, 15)
|
Batting: LHB Robinson Fernández
|
0-0: Ball 1-0: Reached on Error, E6 (Popup, 6D)
|
Batting: LHB William Ruffo
|
0-0: Ball 1-0: Called Strike 1-1: Fly out, F7 (Flyball, 78XD)
|
Top of the 6th over - 0 run(s), 0 hit(s), 1 error(s), 1 left on base; Kalamazoo 1 - Toronto 3 |
BOTTOM OF THE 6TH |
Toronto Titans batting - Pitching for Kalamazoo Royale with Cheese : LHP Octávio Ramírez
|
Batting: RHB Jim Tracy
|
0-0: Called Strike 0-1: Fly out, F4 (Popup, 4D)
|
Batting: RHB Pedro Rosado
|
0-0: Ball 1-0: SOLO HOME RUN (Flyball, 7LD), Distance : 388 ft
|
Batting: LHB Matt Smith
|
0-0: Foul Ball, location: 2F 0-1: Ball 1-1: Foul Ball, location: 2F 1-2: Foul Ball, location: 2F 1-2: Ball 2-2: Ball 3-2: Strikes out swinging
|
Batting: RHB Cordell Gibson
|
0-0: Ball 1-0: Called Strike 1-1: Foul Ball, location: 2F 1-2: Ball 2-2: Ball 3-2: Foul Ball, location: 2F 3-2: Base on Balls
|
Pitching: RHP Roberto Ledesma
|
|
Batting: SHB Ramón Lugo
|
0-0: Swinging Strike 0-1: Foul Ball, location: 2F 0-2: Ground out 4-3 (Groundball, 4)
|
Bottom of the 6th over - 1 run(s), 1 hit(s), 0 error(s), 1 left on base; Kalamazoo 1 - Toronto 4 |
TOP OF THE 7TH |
Kalamazoo Royale with Cheese batting - Pitching for Toronto Titans : RHP Daniel Grant
|
Batting: LHB Seung-woo Yi
|
0-0: Ball 1-0: Foul Ball, location: 2F 1-1: Ball 2-1: Ball 3-1: SINGLE (Line Drive, 8LS)
|
Batting: RHB Miguel Encarnación
|
0-0: Called Strike 0-1: Ball 1-1: Ground out U3 (Groundball, 3S) Seung-woo Yi to second
|
Batting: LHB Bill McJannett
|
0-0: Called Strike 0-1: Swinging Strike 0-2: Foul Ball, location: 2F 0-2: Ball 1-2: Foul Ball, location: 2F 1-2: Strikes out looking
|
Batting: LHB Juan Sánchez
|
0-0: Called Strike 0-1: Swinging Strike 0-2: Strikes out looking
|
Top of the 7th over - 0 run(s), 1 hit(s), 0 error(s), 1 left on base; Kalamazoo 1 - Toronto 4 |
BOTTOM OF THE 7TH |
Toronto Titans batting - Pitching for Kalamazoo Royale with Cheese : RHP Roberto Ledesma
|
Batting: LHB Lewis Barr
|
0-0: Called Strike 0-1: Swinging Strike 0-2: Foul Ball, location: 2F 0-2: DOUBLE (Line Drive, 9LS)
|
Batting: LHB José Rodríguez
|
0-0: Ball 1-0: Ball 2-0: Ground out U3 (Groundball, 3) Lewis Barr to third
|
Batting: LHB Roberto García
|
0-0: Intentional Walk
|
Batting: SHB Álex Rosado
|
0-0: Called Strike 0-1: Ball 1-1: Foul Ball, location: 2F 1-2: Hit by Pitch Roberto García to second
|
Pinch Hitting: LHB Kent MacDulothe
|
0-0: Foul Ball, location: 2F 0-1: Ball 1-1: Called Strike 1-2: Foul Ball, location: 2F 1-2: Foul Ball, location: 2F 1-2: Strikes out swinging
|
Batting: RHB Pedro Rosado
|
0-0: SINGLE (Line Drive, 6M) Lewis Barr scores Roberto García to third Álex Rosado to second Runner from 3rd tries for Home, SAFE, throw made home Álex Rosado to third Pedro Rosado to second
|
Batting: LHB Matt Smith
|
0-0: Ground out 2-3 (Groundball, 2L)
|
Bottom of the 7th over - 2 run(s), 2 hit(s), 0 error(s), 2 left on base; Kalamazoo 1 - Toronto 6 |
TOP OF THE 8TH |
Kalamazoo Royale with Cheese batting - Pitching for Toronto Titans : RHP Daniel Grant
|
Pitching: RHP Juan Nieto
|
|
Now at SS: Alberto Velásquez
|
|
Batting: RHB Jorge Márquez
|
0-0: Swinging Strike 0-1: Ball 1-1: Foul Ball, location: 2F 1-2: Ball 2-2: Foul Ball, location: 2F 2-2: Ground out 5-3 (Groundball, 56)
|
Batting: RHB Andy Aiton
|
0-0: Called Strike 0-1: Ball 1-1: Foul Ball, location: 2F 1-2: Foul Ball, location: 2F 1-2: Ball 2-2: Ground out 3-1 (Groundball, 34S)
|
Batting: RHB Fernando Martínez
|
0-0: Ball 1-0: SINGLE (Line Drive, 9S)
|
Batting: LHB Robinson Fernández
|
0-0: Ball 1-0: SINGLE (Line Drive, 7LS) Fernando Martínez to second
|
Batting: LHB William Ruffo
|
0-0: SINGLE (Line Drive, 78M) Fernando Martínez to third Robinson Fernández to second Runner from 3rd tries for Home, SAFE, no throw or cutoff
|
Pitching: RHP Howard Green
|
|
Batting: LHB Seung-woo Yi
|
0-0: Ball 1-0: Called Strike 1-1: Ball 2-1: Ball 3-1: Ground out 1-3 (Groundball, 15S)
|
Top of the 8th over - 1 run(s), 3 hit(s), 0 error(s), 2 left on base; Kalamazoo 2 - Toronto 6 |
BOTTOM OF THE 8TH |
Toronto Titans batting - Pitching for Kalamazoo Royale with Cheese : RHP Roberto Ledesma
|
Batting: RHB Cordell Gibson
|
0-0: Swinging Strike 0-1: Ball 1-1: Foul Ball, location: 2F 1-2: Strikes out looking
|
Batting: SHB Ramón Lugo
|
0-0: Foul Ball, location: 2F 0-1: Foul Ball, location: 2F 0-2: Foul Ball, location: 2F 0-2: Foul Ball, location: 2F 0-2: Foul Ball, location: 2F 0-2: Ball 1-2: Foul Ball, location: 2F 1-2: Ground out 5-3 (Groundball, 56S)
|
Batting: LHB Lewis Barr
|
0-0: Foul Ball, location: 2F 0-1: Called Strike 0-2: SINGLE (Groundball, 34D)
|
Pitching: RHP Josh Graham
|
|
Batting: LHB José Rodríguez
|
0-0: Ball 1-0: Called Strike 1-1: Ball 2-1: Foul Ball, location: 2F 2-2: Strikes out swinging
|
Bottom of the 8th over - 0 run(s), 1 hit(s), 0 error(s), 1 left on base; Kalamazoo 2 - Toronto 6 |
TOP OF THE 9TH |
Kalamazoo Royale with Cheese batting - Pitching for Toronto Titans : RHP Howard Green
|
Batting: RHB Miguel Encarnación
|
0-0: Ball 1-0: Ball 2-0: Ground out 5-3 (Groundball, 56S)
|
Batting: LHB Bill McJannett
|
0-0: Called Strike 0-1: Called Strike 0-2: Strikes out swinging
|
Batting: LHB Juan Sánchez
|
0-0: Ball 1-0: Foul Ball, location: 2F 1-1: Ball 2-1: Fly out, F6 (Line Drive, 6)
|
Top of the 9th over - 0 run(s), 0 hit(s), 0 error(s), 0 left on base; Kalamazoo 2 - Toronto 6 |
|